 Dungeon Crawl Stone Soup version 0.31-a0-1-g4198be8af4 (webtiles) character file.

Game seed: 13124852208002505029

2082936 bakla the Red Sash (level 23, 212/212 HPs)
             Began as a Demonspawn Brigand on Apr 29, 2023.
             Was an Elder of Wu Jian.
             Escaped with the Orb
             ... and 3 runes on Apr 30, 2023!
             The game lasted 02:29:25 (42982 turns).

bakla the Red Sash (Demonspawn Brigand)            Turns: 42982, Time: 02:29:25

Health: 212/212    AC: 28    Str: 13    XL:     23   Next: 98%
Magic:  34/37      EV: 43    Int: 14    God:    Wu Jian [****..]
Gold:   2518       SH:  9    Dex: 31    Spells: 30/32 levels left

rFire   + . .        w - +12 rapier "Killer Bee's Foe" {flame, Str+2 Stlth+}
rCold   + . .        y - +2 buckler {AC+3}
rNeg    + + .        R - +4 troll leather armour {Snorg}
rPois   +            b - +5 helmet of Purpose {Will+ Dex+2 Stlth-}
rElec   +            B - +2 cloak {rPois}
rCorr   +            O - +1 Delatra's gloves {ID++}
SInv    .            (boots unavailable)
Will    ++++.        Q - amulet "Ullag" {*Slow rElec Regen+ Dex+4}
Stlth   ++           S - ring of the Heavens {rC+ rN+ Slay+3}
HPRegen 2.15/turn    U - ring of Mucystas {rF+ rN+ Will++ rCorr}
MPRegen 0.25/turn

%: slow self (1%)
@: exhausted, in a heavenly storm, glowing
A: hooves 3, rugged brown scales 3, ignite blood 2, powered by pain 3, black
mark, bedeviling, deformed body, deterioration 1
0: Orb of Zot
}: 3/15 runes: decaying, serpentine, abyssal
a: Renounce Religion, Wall Jump, Serpent's Lash


You escaped.
You worshipped Wu Jian.
Wu Jian was greatly pleased with you.
You visited 7 branches of the dungeon, and saw 39 of its levels.
You visited the Abyss 1 time.
You also visited: Ossuary, Ice Cave and Volcano.

You collected 6423 gold pieces.
You spent 3905 gold pieces at shops.

Inventory:

Hand Weapons
 w - the +12 rapier "Killer Bee's Foe" (weapon) {flame, Str+2 Stlth+}
   (You took it off an orc warrior on level 1 of the Orcish Mines)

   Str:       It affects your strength (+2).
   Stlth:     It makes you more stealthy.
Missiles
 d - 31 poisoned darts
 e - 8 curare-tipped darts
 k - 2 atropa-tipped darts
Armour
 b - the +5 helmet of Purpose (worn) {Will+ Dex+2 Stlth-}
   (You acquired it on level 2 of the Dungeon)

   Dex:       It affects your dexterity (+2).
   Will:      It increases your willpower.
   Stlth:     It makes you less stealthy.
 y - a +2 buckler of protection (worn)
 B - a +2 cloak of poison resistance (worn)
 O - the +1 Delatra's gloves (worn) {ID++}
   (You found it on level 15 of the Dungeon)

   ID++:      It heals its wearer when they drink unknown potions, and restores
   their MP when they read unknown scrolls.
 R - a +4 troll leather armour (worn) {Snorg}
Jewellery
 v - a ring of protection from fire
 z - a ring of see invisible
 A - a ring of flight
 G - a +8 ring of dexterity
 Q - the amulet "Ullag" (around neck) {*Slow rElec Regen+ Dex+4}
   (You found it on level 1 of the Realm of Zot)

   [amulet of regeneration]

   Dex:       It affects your dexterity (+4).
   rElec:     It insulates you from electricity.
   Regen:     It increases your rate of health regeneration.
   *Slow:     It may slow you when you take damage.
 S - the ring of the Heavens (left hand) {rC+ rN+ Slay+3}
   (You found it in an ice cave)

   [ring of protection from cold]

   Slay:      It affects your accuracy & damage with ranged weapons and melee
   (+3).
   rC:        It protects you from cold.
   rN:        It protects you from negative energy.
 U - the ring of Mucystas (right hand) {rF+ rN+ Will++ rCorr}
   (You bought it in a shop on level 13 of the Dungeon)

   [ring of protection from fire]

   rF:        It protects you from fire.
   rN:        It protects you from negative energy.
   rCorr:     It protects you from acid and corrosion.
   Will:      It greatly increases your willpower.
 Y - the ring "Dohos" {Wiz rF+ Will+ Slay+4}
   (You found it on level 14 of the Dungeon)

   [ring of wizardry]

   It improves your spell success rate.
   Slay:      It affects your accuracy & damage with ranged weapons and melee
   (+4).
   rF:        It protects you from fire.
   Will:      It increases your willpower.
Wands
 J - a wand of iceblast (28)
 P - a wand of digging (11)
 T - a wand of quicksilver (38)
Scrolls
 a - 8 scrolls of teleportation
 c - a scroll of brand weapon
 g - 5 scrolls of poison
 h - 3 scrolls of noise
 j - 3 scrolls of butterflies
 p - 8 scrolls of fog
 x - a scroll of magic mapping
 D - 6 scrolls of amnesia
 F - 5 scrolls of torment
 H - 2 scrolls of silence
 K - 8 scrolls of fear
 L - a scroll of enchant weapon
 N - 4 scrolls of immolation
Potions
 f - a potion of heal wounds
 i - 24 potions of curing
 m - 2 potions of haste
 n - 6 potions of cancellation
 o - 3 potions of invisibility
 q - 3 potions of brilliance
 s - 3 potions of berserk rage
 t - a potion of might
 u - 12 potions of attraction
 C - 8 potions of mutation
 E - 4 potions of ambrosia
 I - 6 potions of magic
 M - 2 potions of lignification
Miscellaneous
 W - a tin of tremorstones (2/2)


   Skills:
 - Level 20.9 Fighting
 - Level 14.0 Short Blades
 - Level 1.7 Throwing
 + Level 18.7 Armour
 - Level 19.2 Dodging
 - Level 20.0 Stealth
 - Level 4.0 Shields
 - Level 5.0 Spellcasting
 - Level 5.0 Transmutations
 - Level 21.0 Invocations


You had 30 spell levels left.
You knew the following spells:

 Your Spells              Type           Power      Damage    Failure   Level
a - Wereblood             Tmut           17%        N/A       5%          2

Your spell library contained the following spells:

 Spells                   Type           Power      Damage    Failure   Level
 Beastly Appendage        Tmut           34%        N/A       3%          1
 Necrotise                Necr           12%        1d4       26%         1
 Spider Form              Tmut/Pois      10%        N/A       28%         3
 Cigotuvi's Dreadful Rot  Necr/Pois/Air  6%         N/A       38%         2
 Lesser Beckoning         Tloc           6%         N/A       38%         2
 Static Discharge         Conj/Air       6%         2-3/arc   38%         2
 Ignite Poison            Fire/Tmut/Pois 8%         N/A       38%         3
 Call Canine Familiar     Summ           3%         N/A       63%         3
 Gell's Gravitas          Tloc           3%         N/A       63%         3
 Hailstorm                Conj/Ice       3%         3d3       63%         3
 Ozocubu's Armour         Ice            3%         N/A       63%         3
 Portal Projectile        Hex/Tloc       10%        N/A       63%         3
 Teleport Other           Tloc           3%         N/A       63%         3
 Tukima's Dance           Hex            5%         N/A       63%         3
 Vampiric Draining        Necr           3%         2d6       63%         3
 Ice Form                 Ice/Tmut       10%        N/A       67%         4
 Petrify                  Tmut/Erth      10%        N/A       67%         4
 Blade Hands              Tmut           8%         N/A       67%         5
 Airstrike                Air            1%         2d(1-17)  95%         4
 Anguish                  Hex/Necr       2%         N/A       95%         4
 Animate Armour           Summ/Erth      6%         N/A       95%         4
 Animate Dead             Necr           3%         N/A       95%         4
 Cause Fear               Hex            2%         N/A       95%         4
 Leda's Liquefaction      Hex/Erth       2%         N/A       95%         4
 Passage of Golubria      Tloc           3%         N/A       95%         4
 Sticky Flame             Conj/Fire      3%         2d3       95%         4
 Summon Lightning Spire   Summ/Air       3%         N/A       95%         4
 Yara's Violent Unravell  Hex/Tmut       7%         3d5       95%         5
 Agony                    Necr           3%         N/A       100%        5
 Freezing Cloud           Conj/Ice/Air   1%         6-21      100%        5
 Iskenderun's Battlesphe  Conj           3%         2d6       100%        5
 Metabolic Englaciation   Hex/Ice        2%         N/A       100%        5
 Iron Shot                Conj/Erth      1%         9d1       100%        6
 Simulacrum               Ice/Necr       1%         N/A       100%        6
 Statue Form              Tmut/Erth      6%         N/A       100%        6
 Enfeeble                 Hex            2%         N/A       100%        7
 Haunt                    Necr/Summ      1%         N/A       100%        7
 Ozocubu's Refrigeration  Ice            1%         4d7       100%        7
 Spellforged Servitor     Conj/Summ      1%         N/A       100%        7
 Ignition                 Fire           1%         3d3       100%        8
 Infestation              Necr           1%         N/A       100%        8


Dungeon Overview and Level Annotations

Branches:
Dungeon (15/15)            Temple (0/1) D:6            Lair (5/5) D:8
  Swamp (4/4) Lair:3        Snake (4/4) Lair:3          Orc (2/2) D:9
    Elf (0/3) Orc:2        Vaults (0/5) D:13         Depths (4/4) D:15
    Zot (5/5) Depths:4    Ossuary (visited)           IceCv (visited)
Volcano (visited)
  Slime: Lair:4-5

Altars:
Cheibriados
Dithmenos
Fedhas
Gozag
Kikubaaqudgha
Nemelex Xobeh
Qazlal
Trog
Uskayaw
Vehumet
Wu Jian
Xom
Yredelemnul
Jiyva

Shops:
D:5 **   D:13 *   D:14 [   Orc:2 =[*(   Snake:1 :   Snake:2 ==   Snake:3 ==:
Snake:4 (!=   Depths:2 *[

Portals:
Hell: Depths:1 Depths:2 Depths:3 Depths:4
Abyss: Depths:3
Pandemonium: Depths:2
Ziggurat: Depths:3

Annotations:
D:11 3 runed translucent doors, Haiq's ghost, journeyman MfSu
Lair:4 exclusion: oklob plant
Depths:2 3 runed translucent doors, exclusion: obsidian statue, Tourr's ghost, veteran HuIE
Zot:3 exclusion: 2 upstairs
Zot:4 1 runed translucent door, exclusion: 2 upstairs, Benajun's ghost, veteran OgBe
Zot:5 exclusion: upstairs


Innate Abilities, Weirdness & Mutations

You have hooves in place of feet.
You are completely covered in rugged brown scales. (AC +3, +7% HP)
Your demonic aura often causes spilled blood to erupt in flames.
You are powered by pain.
Your melee attacks may debilitate your foes.
Your hexes are more powerful.
Armour fits poorly on your strangely shaped body.
Your body sometimes deteriorates upon taking damage.


Message History

You puncture Rauster! You burn Rauster. You kick Rauster!
Rauster is heavily wounded.
Your supernatural speed expires.
Unknown command.
You spin and attack Rauster repeatedly.
You closely miss Rauster. You kick Rauster.
Rauster is heavily wounded.
You impale Rauster!! You burn Rauster.
Rauster looks weaker.
You kick Rauster.
Rauster is severely wounded.
Rauster gestures.
There is a staircase leading out of the dungeon here.
Unknown command.
You lunge at the sun demon, in a flurry of attacks.
You hit the sun demon. You kick the sun demon!
The sun demon is moderately wounded.
You impale the sun demon!!
The sun demon is severely wounded.
You spin and attack Rauster repeatedly.
You hit Rauster. You kick Rauster!
Rauster is severely wounded.
You puncture Rauster! You kick Rauster!
Rauster is almost dead.
Rauster gestures at you. The crystal spear hits you.
The sun demon completely misses you.
Rauster gestures.
Unknown command.
You spin and attack Rauster repeatedly.
You puncture Rauster! You kick Rauster.
Rauster is almost dead.
You puncture Rauster! You kick Rauster.
You kill Rauster!
The Council accepts your kill.
The Tzitzimitl disappears in a puff of smoke!
There is a staircase leading out of the dungeon here.
Unknown command.
You spin and attack the sun demon repeatedly.
You impale the sun demon!!
You kill the sun demon!
The Council accepts your kill.
There is a staircase leading out of the dungeon here.
Unknown command.
You have escaped!

>..........#
###..)....##
....########
##..)#......####
..#....##
##....#....#....#
...###..###
#.....###....##..
..)# ##...####
##..#..###☼☼§#####
##.# ###....# #§☼#
..##§§.### ...#
####.###§##
..#☼...§§## ####
#§##☼☼###☼§#...#§§§#
#..§#@☼☼#§§...##☼#☼#
##.###☼☼§....###§☼§#
#.#####☼..### ##§##
#.....##### #§##
#####.##
#######§☼### #..#
#.....#☼§☼§§ ##.#
#.....#§☼☼§§ #.#
#.....#☼§☼☼☼
#.###.....'☼§§☼☼


There were no monsters in sight!

Vanquished Creatures
  3 pandemonium lords (D:1)
  5 dread liches (Zot:5)
  5 ancient liches (Zot:5)
  4 orbs of fire
  A juggernaut (Depths:4)
  2 Killer Klowns (Zot:5)
  6 curse toes
  Vashnia (Snake:4)
  4 caustic shrikes
  13 golden dragons
  A bone dragon (Abyss:2)
  2 electric golems (Zot:5)
  27 Orb Guardians
  11 tentacled monstrosities
  3 liches
  A titan (Depths:4)
  4 quicksilver dragons
  An Executioner (Zot:5)
  4 tentacled starspawn
  5 tengu reavers
  2 sphinxes
  11 draconian monks
  7 death cobs
  A thorn hunter (Swamp:2)
  10 storm dragons
  6 shadow dragons
  4 nagarajas (Snake:4)
  A daeva (D:1)
  2 fenstrider witches
  3 draconian knights
  9 fire giants
  2 azure jellies (IceCv)
  6 frost giants
  An iron dragon (Depths:4)
  6 spectral caustic shrikes (Depths:2)
  A juggernaut zombie (Depths:3)
  Louise (D:15)
  5 draconian shifters
  A ghost moth (Zot:4)
  5 draconian scorchers
  An orc warlord (Orc:2)
  The ghost of Uummannaq the Severer, a journeyman MiFi of Gozag (D:14)
  5 draconian annihilators
  11 stone giants
  22 very ugly things
  A cacodemon (D:1)
  3 spriggan defenders
  A draconian stormcaller (Zot:5)
  A caustic shrike skeleton (Depths:3)
  2 vampire knights (Depths:2)
  6 green draconians
  An eleionoma (Swamp:2)
  A dire elephant (Lair:5)
  A lorocyproca (Abyss:2)
  The ghost of Ybuibof the Markself, a journeyman DEHu of Hepliaklqana (Orc:1)
  11 purple draconians
  14 red draconians
  A spark wasp (Depths:3)
  10 white draconians
  17 black draconians
  2 bunyips
  Snorg (D:12)
  7 ettins
  4 yellow draconians
  20 fire dragons
  15 hydras
  A great orb of eyes (D:14)
  A shambling mangrove (Swamp:4)
  Fannar (Lair:3)
  5 rakshasas
  2 ghost crabs
  A quicksilver dragon skeleton (Abyss:2)
  11 ice dragons
  3 catoblepae
  3 spriggan air magi
  Erolcha (D:13)
  3 salamander tyrants
  12 alligators
  A satyr (shapeshifter) (Depths:3)
  20 two-headed ogres
  12 anacondas
  2 ogre magi
  6 boulder beetles
  17 naga warriors
  13 centaur warriors
  A titan zombie (Orc:1)
  Erica (D:8)
  7 deep troll shamans
  7 tengu warriors
  3 thrashing horrors
  6 deep troll earth magi
  4 death yaks
  2 orc high priests (Orc:2)
  A deep elf knight (D:14)
  10 naga sharpshooters
  2 skysharks
  2 sun demons
  4 vampire magi
  3 spriggan berserkers
  5 shock serpents
  Sonja (Orc:1)
  7 goliath frogs
  11 hell knights
  3 sixfirhies
  5 skeletal warriors
  An iron troll (Depths:2)
  4 salamander mystics (Snake:4)
  4 wretched stars (Abyss:3)
  A storm dragon skeleton (Depths:3)
  2 spriggan druids
  A death drake (Depths:4)
  Amaemon (D:9)
  4 flayed ghosts
  3 sea snakes (Snake:1)
  10 naga ritualists
  6 glowing orange brains
  15 deep trolls
  A shadow demon (D:1)
  A swamp dragon (shapeshifter) (Depths:3)
  2 wizards
  12 swamp dragons
  5 orc knights
  6 necromancers
  A phantasmal warrior (D:15)
  6 lindwurms
  6 large abominations
  Pikel (D:5)
  2 bog bodies
  12 mana vipers
  2 wolf spiders (D:15)
  A fire giant zombie (Depths:3)
  A sphinx zombie (Depths:3)
  4 deep elf pyromancers
  2 stone giant zombies (Orc:1)
  22 cyclopes
  7 orc sorcerers
  5 will-o-the-wisps
  A sphinx skeleton (D:15)
  8 elephants (Lair:5)
  11 manticores
  20 moths of wrath
  43 ugly things
  17 salamanders
  5 slime creatures
  2 ice statues (IceCv)
  2 fire giant skeletons (D:15)
  39 black mambas
  5 guardian serpents
  15 naga magi
  7 torpor snails
  12 cane toads
  2 gargoyles
  Joseph (D:7)
  3 smoke demons
  2 orange demons
  4 rime drakes
  4 kobold demonologists
  8 yaktaurs
  2 ice devils (D:12)
  5 freezing wraiths
  9 tengu conjurers
  2 efreet
  15 komodo dragons
  A red devil (Volcano)
  A polar bear (Lair:3)
  An ancient zyme (Abyss:3)
  3 hellwings (D:1)
  3 bloated husks
  A polar bear (shapeshifter) (Depths:2)
  A merfolk (shapeshifter) (Depths:3)
  4 meliai (Abyss:3)
  10 trolls
  10 tyrant leeches
  Prince Ribbit (D:8)
  17 hornets
  A raiju (Abyss:3)
  55 blink frogs
  4 small abominations
  10 dream sheep (Lair:5)
  7 spriggans
  A spriggan skeleton (D:15)
  A ynoxinul (D:1)
  A culicivora (shapeshifter) (D:14)
  12 water elementals (Depths:2)
  A centaur simulacrum (D:14)
  8 wyverns
  A human (shapeshifter) (D:15)
  3 wraiths
  30 yaks
  A chaos spawn (Abyss:3)
  A fire elemental (Orc:1)
  4 fire bats (Volcano)
  4 steam dragons
  A hog (shapeshifter) (D:15)
  7 basilisks
  3 neqoxecs
  3 starcursed masses (Abyss:2)
  19 vampire mosquitoes
  6 wargs
  Menkaure (D:7)
  60 nagas
  13 swamp worms
  An acid dragon (D:13)
  11 water moccasins
  2 floating eyes
  15 swamp drakes
  A hell hound (Volcano)
  28 orc warriors
  2 sky beasts
  A black bear (shapeshifter) (D:15)
  6 great orb of eyes simulacra (IceCv)
  A black bear (D:6)
  12 wolves
  12 centaurs
  A boggart (D:15)
  9 ogres
  2 phantoms (D:6)
  A slime creature simulacrum (IceCv)
  3 kobold brigands
  Blork the orc (Orc:2)
  10 bullfrogs
  A cyclops zombie (Orc:1)
  5 scorpions
  A water moccasin zombie (Ossuary)
  4 glowing shapeshifter simulacra (IceCv)
  14 wights
  5 killer bees
  3 electric eels
  4 howler monkeys
  11 lava snakes
  2 hounds
  17 orc priests
  A sleepcap (D:4)
  Terence (D:3)
  19 orc wizards
  4 iguanas
  4 shapeshifter simulacra (IceCv)
  2 mummies (Ossuary)
  11 gnolls
  5 adders
  A shadow imp (D:6)
  A white imp (Abyss:2)
  3 ufetubi
  4 adder zombies (Ossuary)
  3 worms
  3 dart slugs
  93 orcs
  6 endoplasms
  3 giant cockroaches
  3 gnoll zombies (Ossuary)
  5 goblins
  4 hobgoblins
  7 jackals
  3 quokkas
  3 ball pythons
  5 bats
  3 frilled lizards
  A hobgoblin zombie (Ossuary)
  14 kobolds
  3 kobold zombies (Ossuary)
  2 orc zombies (Ossuary)
  2 rats (D:1)
  A fire vortex (Swamp:4)
  5 starspawn tentacles (Abyss:3)
1664 creatures vanquished.

Vanquished Creatures (others)
  Nikola (Swamp:4)
  A draconian knight (Zot:1)
  A ghost moth (Zot:5)
  A boulder beetle (D:14)
  An alligator (Swamp:4)
  A soul eater (D:9)
  A large abomination (D:1)
  An orange demon (D:1)
  A bloated husk (Swamp:4)
  A hellwing (D:9)
  A steam dragon (D:8)
  A chaos spawn (D:1)
  A swamp worm (Swamp:4)
  A naga (Snake:3)
  A swamp drake (Swamp:4)
  An orc warrior (Orc:2)
  An orc (D:8)
  A briar patch (Swamp:2)
  12 foxfires
  2 fungi
  112 plants
  4 starspawn tentacles
  3 withered plants (D:15)
151 creatures vanquished.

Grand Total: 1815 creatures vanquished

Notes
Turn   | Place    | Note
-------+----------+-------------------------------------------
     0 | D:1      | bakla the Demonspawn Brigand began the quest for the Orb.
     0 | D:1      | Reached XP level 1. HP: 16/16 MP: 1/1
    33 | D:1      | Reached skill level 1 in Dodging
   286 | D:1      | Gained mutation: You sometimes gain a little power by
                  | taking damage. [demonic ancestry]
   286 | D:1      | Reached XP level 2. HP: 22/22 MP: 2/2
   952 | D:2      | Reached XP level 3. HP: 26/28 MP: 3/3
  1286 | D:2      | Identified a scroll of acquirement
  1286 | D:2      | Acquired the +5 helmet of Purpose {Will+ Dex+2 Stlth-}
  1574 | D:2      | Found a faded altar of an unknown god.
  1834 | D:3      | Noticed Terence
  1848 | D:3      | Killed Terence
  1849 | D:3      | Reached XP level 4. HP: 34/34 MP: 4/4
  2730 | D:4      | Noticed a scorpion
  2744 | D:4      | Killed a scorpion
  2745 | D:4      | Gained mutation: You have large cloven feet. [demonic
                  | ancestry]
  2745 | D:4      | Reached XP level 5. HP: 31/41 MP: 5/5
  3205 | D:4      | Found an ornate altar of the Wu Jian Council.
  3219 | D:4      | Became a worshipper of the Wu Jian Council
  3276 | D:4      | Found a snail-covered altar of Cheibriados.
  3295 | D:4      | Noticed an ogre
  3309 | D:4      | Killed an ogre
  3310 | D:4      | Gained mutation: You are partially covered in rugged brown
                  | scales. (AC +1, +3% HP) [demonic ancestry]
  3310 | D:4      | Reached XP level 6. HP: 25/48 MP: 6/6
  3970 | D:5      | Entered Level 5 of the Dungeon
  4072 | D:5      | Found Julebb's Gadget Gallery.
  4084 | D:5      | Identified the +3 scale mail "Rifyoga" {Dex+2}
  4168 | D:5      | Found Mastamir's Elemental Accessories.
  4303 | D:5      | Reached skill level 5 in Stealth
  4303 | D:5      | Gained mutation: You have hoof-like feet. [demonic
                  | ancestry]
  4303 | D:5      | Reached XP level 7. HP: 41/54 MP: 7/7
  4377 | D:5      | Reached * piety under Wu Jian
  4469 | D:5      | Noticed Pikel
  4489 | D:5      | Killed Pikel
  4490 | D:5      | Reached skill level 5 in Short Blades
  4490 | D:5      | Reached XP level 8. HP: 58/62 MP: 8/8
  5084 | D:6      | Learned a level 2 spell: Wereblood
  5115 | D:6      | Reached skill level 5 in Fighting
  5405 | D:6      | Found a staircase to the Ecumenical Temple.
  5707 | D:6      | Found a shimmering altar of Xom.
  5998 | D:6      | Gained mutation: Your demonic aura sometimes causes spilled
                  | blood to erupt in flames. [demonic ancestry]
  5998 | D:6      | Reached XP level 9. HP: 45/70 MP: 9/9
  6064 | D:7      | Noticed Joseph
  6074 | D:6      | Reached skill level 5 in Dodging
  6088 | D:6      | Reached ** piety under Wu Jian
  6688 | D:7      | Killed Joseph
  6689 | D:7      | Found a hide-covered altar of Uskayaw.
  6691 | D:7      | Noticed Menkaure
  7015 | D:7      | Found an ancient bone altar of Kikubaaqudgha.
  7118 | D:7      | Reached XP level 10. HP: 74/79 MP: 10/10
  7126 | D:7      | Killed Menkaure
  7367 | D:7      | Found a blossoming altar of Fedhas.
  7804 | D:8      | Noticed Erica
  7817 | D:8      | Killed Erica
  7829 | D:8      | Found a sand-covered staircase.
  7834 | Ossuary  | Entered an ossuary
  7888 | Ossuary  | Reached *** piety under Wu Jian
  8113 | D:8      | Noticed Prince Ribbit
  8126 | D:8      | Killed Prince Ribbit
  8757 | D:8      | Found a staircase to the Lair.
  9012 | D:9      | Found a staircase to the Orcish Mines.
  9497 | D:9      | Found a sparkling altar of Nemelex Xobeh.
  9579 | D:9      | Noticed a two-headed ogre
  9598 | D:9      | Killed a two-headed ogre
  9599 | D:9      | Reached skill level 10 in Short Blades
  9599 | D:9      | Gained mutation: Your demonic aura often causes spilled
                  | blood to erupt in flames. [demonic ancestry]
  9599 | D:9      | Reached XP level 11. HP: 53/88 MP: 11/11
  9869 | D:9      | Noticed Amaemon
  9893 | D:9      | Killed Amaemon
  9999 | D:9      | Reached **** piety under Wu Jian
 10338 | D:9      | Found a basalt altar of Yredelemnul.
 10355 | D:9      | Found an opulent altar of Gozag.
 10494 | D:10     | Entered Level 10 of the Dungeon
 10935 | D:10     | Noticed a two-headed ogre
 10955 | D:10     | Killed a two-headed ogre
 11036 | D:10     | Noticed a two-headed ogre
 11044 | D:10     | Killed a two-headed ogre
 11425 | D:11     | Found a runed translucent gate.
 11425 | D:11     | Found a runed translucent gate.
 11425 | D:11     | Found a runed translucent gate.
 11426 | D:11     | Noticed Haiq's ghost (journeyman MfSu)
 11526 | D:11     | Noticed a boulder beetle
 11558 | D:11     | Killed a boulder beetle
 11767 | D:11     | Reached skill level 10 in Stealth
 12078 | Lair:1   | Entered Level 1 of the Lair of Beasts
 12517 | Lair:1   | Noticed a death yak
 12537 | Lair:1   | Killed a death yak
 12538 | Lair:1   | Reached XP level 12. HP: 98/99 MP: 12/12
 12567 | Lair:1   | Reached skill level 10 in Fighting
 12886 | Lair:2   | Noticed a catoblepas
 12887 | Lair:2   | Identified the +2 quarterstaff of the Lost Spirits
                  | {protect, Str+2}
 12896 | Lair:2   | Killed a catoblepas
 12914 | Lair:2   | Reached skill level 1 in Spellcasting
 12914 | Lair:2   | Reached skill level 1 in Transmutations
 12976 | Lair:2   | Found a shadowy altar of Dithmenos.
 13175 | Lair:2   | Found a dark tunnel.
 13181 | Lair:2   | Reached ***** piety under Wu Jian
 13234 | Volcano  | Entered a volcano
 13327 | Volcano  | Found a radiant altar of Vehumet.
 13604 | Lair:2   | Noticed a boulder beetle
 13627 | Lair:2   | Killed a boulder beetle
 14284 | Lair:3   | Noticed a five-headed hydra
 14376 | Lair:3   | Reached skill level 10 in Dodging
 14379 | Lair:3   | Noticed a boulder beetle
 14392 | Lair:3   | Gained mutation: You are mostly covered in rugged brown
                  | scales. (AC +2, +5% HP) [demonic ancestry]
 14392 | Lair:3   | Reached XP level 13. HP: 91/111 MP: 18/18
 14513 | Lair:3   | Noticed Fannar
 14544 | Lair:3   | Killed Fannar
 14863 | Lair:3   | Found a staircase to the Snake Pit.
 15317 | Lair:3   | Found a staircase to the Swamp.
 15871 | Lair:4   | Found a viscous altar of Jiyva.
 16222 | Lair:5   | Entered Level 5 of the Lair of Beasts
 16231 | Lair:5   | Reached skill level 5 in Spellcasting
 16232 | Lair:5   | Reached skill level 5 in Transmutations
 16233 | Lair:5   | Reached skill level 1 in Shields
 16263 | Lair:5   | Reached XP level 14. HP: 120/120 MP: 21/21
 16476 | Lair:5   | Found the +3 pair of seven-league boots {Rampage+∞}
 16664 | Lair:5   | Found a runed translucent door.
 16829 | Lair:5   | Paralysed by a hornet for 2 turns
 17803 | Lair:5   | Identified the ring "Kempid" {Ice Str+2 Slay+2 Stlth+}
 18958 | D:12     | Noticed Snorg
 18972 | D:12     | Killed Snorg
 19345 | D:12     | Found a frozen archway.
 19391 | IceCv    | Entered an ice cave
 19801 | IceCv    | Found a viscous altar of Jiyva.
 19801 | IceCv    | Noticed an azure jelly
 19813 | IceCv    | Noticed an azure jelly
 19836 | IceCv    | Killed an azure jelly
 19853 | IceCv    | Killed an azure jelly
 19900 | IceCv    | Got the ring of the Heavens {rC+ rN+ Slay+3}
 20017 | D:12     | Gained mutation: You are completely covered in rugged brown
                  | scales. (AC +3, +7% HP) [demonic ancestry]
 20017 | D:12     | Reached XP level 15. HP: 113/133 MP: 22/22
 20931 | D:13     | You fall into a shaft and drop 1 floor!
 21047 | D:13     | Noticed Erolcha
 21059 | D:13     | Killed Erolcha
 21105 | D:13     | Found Lefot's Assorted Antiques.
 21125 | D:13     | Bought a twitching platinum ring for 150 gold pieces
 21125 | D:13     | Identified the ring of Mucystas {rF+ rN+ Will++ rCorr} (You
                  | bought it in a shop on level 13 of the Dungeon)
 21125 | D:13     | Bought a glowing rapier for 210 gold pieces
 21125 | D:13     | Bought a scroll of teleportation for 90 gold pieces
 21136 | D:13     | Found a gate to the Vaults.
 22184 | D:14     | Noticed a tengu reaver
 22217 | D:14     | Killed a tengu reaver
 22392 | D:14     | Found Ivobboc's Armour Shop.
 22431 | D:14     | Found a transporter.
 22434 | D:14     | Found a bloodstained altar of Trog.
 22434 | D:14     | Found a transporter.
 22435 | D:14     | Noticed Uummannaq's ghost (journeyman MiFi)
 22450 | D:14     | Reached skill level 15 in Stealth
 23077 | D:14     | Reached XP level 16. HP: 139/143 MP: 23/23
 23079 | D:14     | Identified the +0 pair of boots of Naing {Dex+4}
 23093 | D:14     | Killed Uummannaq's ghost
 23137 | D:14     | Identified the ring "Dohos" {Wiz rF+ Will+ Slay+4}
 23183 | D:15     | Entered Level 15 of the Dungeon
 23271 | D:15     | Noticed Louise
 23276 | D:15     | Found a staircase to the Depths.
 23276 | D:15     | Killed Louise
 23311 | D:15     | Reached skill level 15 in Fighting
 23707 | D:15     | Identified the +6 shortbow of the Skies Above {drain, rF++
                  | Int-3}
 23734 | D:15     | Found the +15 Maxwell's patent armour {-Cast -Tele rElec
                  | Will+ rCorr}
 23770 | D:15     | Found the +1 Delatra's gloves {ID++}
 24307 | D:15     | Reached ****** piety under Wu Jian
 24753 | Orc:1    | Entered Level 1 of the Orcish Mines
 24786 | Orc:1    | Found a transporter.
 24791 | Orc:1    | Noticed Ybuibof's ghost (journeyman DEHu)
 24792 | Orc:1    | Found a transporter.
 24796 | Orc:1    | Identified the +1 dire flail "Ziukhuathry" {holy, rF+}
 25060 | Orc:1    | Found a radiant altar of Vehumet.
 25187 | Orc:1    | Noticed Sonja
 25191 | Orc:1    | Killed Sonja
 25362 | Orc:1    | Identified the +8 battleaxe of Rautwu {vamp, Int+3}
 25363 | Orc:1    | Identified the +12 rapier "Killer Bee's Foe" {flame, Str+2
                  | Stlth+}
 25363 | Orc:1    | Identified the +1 sling of Oozing Pus {speed, rElec Str+3
                  | Dex+3}
 25499 | Orc:1    | Reached skill level 15 in Dodging
 25703 | Orc:1    | Identified the +2 great sword of Vanlad {holy, rC+ rN+
                  | Int+3}
 25775 | Orc:1    | Killed Ybuibof's ghost
 25826 | Orc:2    | Entered Level 2 of the Orcish Mines
 25888 | Orc:2    | Found a runed translucent door.
 26024 | Orc:2    | Found a staircase to the Elven Halls.
 26049 | Orc:2    | Gained mutation: You have hooves in place of feet. [demonic
                  | ancestry]
 26049 | Orc:2    | Reached XP level 17. HP: 147/151 MP: 24/24
 26054 | Orc:2    | Noticed Blork the orc
 26056 | Orc:2    | Killed Blork the orc
 26066 | Orc:2    | Found Orotioh's Jewellery Boutique.
 26080 | Orc:2    | Found Wysoits's Antique Armour Boutique.
 26324 | Orc:2    | Found Ottoan's General Store.
 26332 | Orc:2    | Bought 3 curare-tipped darts for 43 gold pieces
 26332 | Orc:2    | Bought a potion of curing for 36 gold pieces
 26344 | Orc:2    | Found Etugg's Antique Weapon Boutique.
 26593 | Orc:2    | Bought an amulet of the acrobat for 480 gold pieces
 26852 | Swamp:1  | Entered Level 1 of the Swamp
 26938 | Swamp:1  | Acquired a manual of Dodging
 26962 | Swamp:1  | Acquired a +1 cloak of poison resistance
 27635 | Swamp:2  | Identified the +1 robe of Xaasiant {Str+3 Dex+2}
 28319 | Swamp:4  | Entered Level 4 of the Swamp
 28467 | Swamp:4  | Got a decaying rune of Zot
 28500 | Swamp:4  | Noticed Nikola
 28511 | Swamp:4  | Killed Nikola
 28517 | Swamp:4  | Identified the +3 mace "Ucum Wupn" {venom, rElec Int+3}
 28974 | Lair:3   | Upgraded the game from 0.30-a0-1164-ge08a67761e to
                  | 0.31-a0-1-g4198be8af4
 29034 | Snake:1  | Entered Level 1 of the Snake Pit
 29059 | Snake:1  | Reached XP level 18. HP: 156/159 MP: 15/25
 29154 | Snake:1  | Found Buxeytu's Book Boutique.
 30305 | Snake:2  | Found Buquhail's Jewellery Boutique.
 30450 | Snake:2  | Found Domiweyc's One-of-a-Kind Rings.
 30455 | Snake:2  | Bought a +8 ring of dexterity for 880 gold pieces
 30693 | Snake:3  | Found Myt Yxix's Jewellery Shop.
 30695 | Snake:3  | Found Giyxkax's Book Emporium.
 30696 | Snake:3  | Found Koabaq's Jewellery Shop.
 30708 | Snake:3  | Bought a manual of Fighting for 1440 gold pieces
 31186 | Snake:4  | Entered Level 4 of the Snake Pit
 31260 | Snake:4  | Found Wuosutont's Antique Weapon Boutique.
 31272 | Snake:4  | Found Molagol's Distillery.
 31273 | Snake:4  | Found Reap's Jewellery Boutique.
 31282 | Snake:4  | Bought a potion of ambrosia for 144 gold pieces
 31282 | Snake:4  | Bought a potion of attraction for 54 gold pieces
 31282 | Snake:4  | Bought a potion of invisibility for 144 gold pieces
 31282 | Snake:4  | Bought a potion of heal wounds for 90 gold pieces
 31282 | Snake:4  | Bought a potion of mutation for 144 gold pieces
 31802 | Snake:4  | Reached XP level 19. HP: 128/170 MP: 26/26
 31804 | Snake:4  | Noticed Vashnia
 31819 | Snake:4  | Killed Vashnia
 31836 | Snake:4  | Got a serpentine rune of Zot
 32567 | Depths:1 | Entered Level 1 of the Depths
 32807 | Depths:1 | Found a gateway to Hell.
 32925 | Depths:1 | Found a stormy altar of Qazlal.
 33044 | Depths:2 | Found a one-way gate leading to the halls of Pandemonium.
 33046 | Depths:2 | Gained mutation: Your body sometimes deteriorates upon
                  | taking damage. [a neqoxec]
 33099 | Depths:2 | Found Jepafet's Antique Armour Emporium.
 33151 | Depths:2 | Found a runed translucent gate.
 33151 | Depths:2 | Found a runed translucent gate.
 33151 | Depths:2 | Found a runed translucent gate.
 33152 | Depths:2 | Found an opulent altar of Gozag.
 33152 | Depths:2 | Found the ring of the Hare {EV+10}
 33153 | Depths:2 | Noticed Tourr's ghost (veteran HuIE)
 33153 | Depths:2 | Noticed a golden dragon
 33155 | Depths:2 | Found Wagagif's Assorted Antiques.
 33214 | Depths:2 | Identified the +1 robe of Yroeg {Dex+3}
 33221 | Depths:2 | Paralysed by a floating eye for 4 turns
 33261 | Depths:2 | Reached skill level 1 in Invocations
 33384 | Depths:2 | Reached skill level 2 in Invocations
 33384 | Depths:2 | Reached skill level 3 in Invocations
 33388 | Depths:2 | Reached skill level 4 in Invocations
 33395 | Depths:2 | Reached skill level 5 in Invocations
 33405 | Depths:2 | Reached skill level 6 in Invocations
 33500 | Depths:2 | Noticed a golden dragon
 33513 | Depths:2 | Reached skill level 7 in Invocations
 33518 | Depths:2 | Killed a golden dragon
 33519 | Depths:2 | Reached skill level 8 in Invocations
 33567 | Depths:2 | Noticed a caustic shrike
 33575 | Depths:2 | Killed a caustic shrike
 33594 | Depths:2 | Reached skill level 9 in Invocations
 33706 | Depths:2 | Gained mutation: You sometimes gain power by taking damage.
                  | [demonic ancestry]
 33706 | Depths:2 | Reached XP level 20. HP: 171/188 MP: 25/27
 33776 | Depths:2 | Reached skill level 10 in Invocations
 33840 | Depths:2 | Identified the ring of the Salamander {Fly AC+4 Str+4}
 33855 | Depths:2 | Reached skill level 11 in Invocations
 34449 | Depths:3 | Reached skill level 12 in Invocations
 34488 | Depths:3 | Reached skill level 13 in Invocations
 34712 | Depths:3 | Reached skill level 14 in Invocations
 34780 | Depths:3 | Reached skill level 15 in Invocations
 34920 | Depths:3 | Reached skill level 16 in Invocations
 34941 | Depths:3 | Identified the +3 arbalest of the Freezing Seer {freeze,
                  | *Corrode Drain Str+5 Dex+8}
 34955 | Depths:3 | Identified the +1 scimitar of Jaystuh {speed, *Noise rN+
                  | Str+5 Int+3}
 35101 | Depths:3 | Found a one-way gateway to a ziggurat.
 35192 | Depths:3 | Found a one-way gate to the infinite horrors of the Abyss.
 35203 | Depths:3 | Voluntarily entered the Abyss.
 35230 | Abyss:2  | Found a corrupted altar of Lugonu.
 35241 | Abyss:2  | Found an iron altar of Okawaru.
 35246 | Abyss:2  | Found a stormy altar of Qazlal.
 35451 | Abyss:2  | Reached skill level 17 in Invocations
 35480 | Abyss:2  | Noticed a bone dragon
 35510 | Abyss:2  | Killed a bone dragon
 35708 | Abyss:3  | Found a corrupted altar of Lugonu.
 35815 | Abyss:3  | Reached skill level 18 in Invocations
 35841 | Abyss:3  | Got an abyssal rune of Zot
 35844 | Abyss:3  | Noticed a bone dragon
 35858 | Depths:3 | Escaped the Abyss
 36143 | Depths:4 | Entered Level 4 of the Depths
 36156 | Depths:4 | Gained mutation: Your hexes are more powerful. [demonic
                  | ancestry]
 36156 | Depths:4 | Reached XP level 21. HP: 182/195 MP: 34/34
 36231 | Depths:4 | Noticed a caustic shrike
 36236 | Depths:4 | Noticed a caustic shrike
 36236 | Depths:4 | Noticed a caustic shrike
 36236 | Depths:4 | Killed a caustic shrike
 36237 | Depths:4 | Reached skill level 19 in Invocations
 36239 | Depths:4 | Killed a caustic shrike
 36242 | Depths:4 | Killed a caustic shrike
 36441 | Depths:4 | Reached skill level 20 in Invocations
 36864 | Depths:4 | Noticed a golden dragon
 36879 | Depths:4 | Killed a golden dragon
 36891 | Depths:4 | Noticed a juggernaut
 36910 | Depths:4 | Killed a juggernaut
 36955 | Depths:4 | Reached skill level 21 in Invocations
 36957 | Depths:4 | Reached skill level 1 in Armour
 37141 | Depths:4 | Identified the +1 ring mail "Bioh" {rElec Stlth+}
 37470 | Depths:4 | Reached skill level 5 in Armour
 37600 | Depths:4 | Noticed a golden dragon
 37608 | Depths:4 | Killed a golden dragon
 37636 | Depths:4 | Found a gate to the Realm of Zot.
 38139 | Zot:1    | Entered Level 1 of the Realm of Zot
 38796 | Zot:1    | Found a transporter.
 38796 | Zot:1    | Found a transporter.
 38797 | Zot:1    | Noticed a golden dragon
 38797 | Zot:1    | Noticed an orb of fire
 38871 | Zot:1    | Noticed a curse toe
 38872 | Zot:1    | Noticed a curse toe
 39099 | Zot:1    | Noticed a golden dragon
 39100 | Zot:1    | Noticed a curse toe
 39401 | Zot:1    | Gained mutation: Your melee attacks may debilitate your
                  | foes. [demonic ancestry]
 39401 | Zot:1    | Reached XP level 22. HP: 171/205 MP: 36/36
 39492 | Zot:1    | Noticed a golden dragon
 39503 | Zot:1    | Killed a golden dragon
 40383 | Zot:1    | Killed a golden dragon
 40383 | Zot:1    | Killed a curse toe
 40388 | Zot:1    | Gained mutation: Armour fits poorly on your strangely
                  | shaped body. [an orb of fire]
 40390 | Zot:1    | Killed an orb of fire
 40400 | Zot:1    | Killed a golden dragon
 40401 | Zot:1    | Reached skill level 10 in Armour
 40411 | Zot:1    | Killed a curse toe
 40422 | Zot:1    | Killed a curse toe
 40697 | Zot:1    | Acquired 659 gold pieces
 40717 | Zot:1    | Identified the -1 pair of boots "Jiewot" {rF- rCorr Dex+9}
 40718 | Zot:1    | Identified the amulet "Ullag" {*Slow rElec Regen+ Dex+4}
 40720 | Zot:1    | Identified the +2 rapier "Ogrebane" {drain, Str+5 Int+4}
 40826 | Zot:4    | Noticed a golden dragon
 40829 | Zot:4    | Found a runed translucent door.
 40829 | Zot:4    | Found a shimmering altar of Xom.
 40829 | Zot:4    | Noticed Benajun's ghost (veteran OgBe)
 40983 | Zot:4    | Killed a golden dragon
 41008 | Zot:4    | Noticed a golden dragon
 41030 | Zot:4    | Killed a golden dragon
 41210 | Zot:5    | Entered Level 5 of the Realm of Zot
 41226 | Zot:5    | Noticed a curse toe
 41283 | Zot:5    | Killed a curse toe
 41411 | Zot:5    | Noticed a golden dragon
 41469 | Zot:5    | Killed a golden dragon
 41991 | Zot:5    | Noticed a Killer Klown
 42011 | Zot:5    | Killed a Killer Klown
 42051 | Zot:5    | Noticed a dread lich
 42055 | Zot:5    | Killed a dread lich
 42057 | Zot:5    | Noticed an ancient lich
 42061 | Zot:5    | Noticed an orb of fire
 42069 | Zot:5    | Killed an ancient lich
 42077 | Zot:5    | Killed an orb of fire
 42080 | Zot:5    | Gained mutation: You are powered by pain. [demonic
                  | ancestry]
 42080 | Zot:5    | Reached XP level 23. HP: 133/212 MP: 37/37
 42080 | Zot:5    | Noticed an ancient lich
 42082 | Zot:5    | Killed an ancient lich
 42083 | Zot:5    | Noticed an orb of fire
 42083 | Zot:5    | Noticed a dread lich
 42083 | Zot:5    | Noticed a dread lich
 42084 | Zot:5    | Killed a dread lich
 42087 | Zot:5    | Reached skill level 15 in Armour
 42088 | Zot:5    | Noticed an ancient lich
 42089 | Zot:5    | Killed a dread lich
 42089 | Zot:5    | Killed an orb of fire
 42089 | Zot:5    | Noticed an orb of fire
 42090 | Zot:5    | Noticed a curse toe
 42091 | Zot:5    | Killed an ancient lich
 42092 | Zot:5    | Noticed an ancient lich
 42094 | Zot:5    | Noticed an ancient lich
 42094 | Zot:5    | Noticed a dread lich
 42094 | Zot:5    | Killed a curse toe
 42097 | Zot:5    | Killed an orb of fire
 42099 | Zot:5    | Killed an ancient lich
 42103 | Zot:5    | Killed a dread lich
 42107 | Zot:5    | Noticed a Killer Klown
 42108 | Zot:5    | Killed an ancient lich
 42111 | Zot:5    | Killed a Killer Klown
 42142 | Zot:5    | Noticed a dread lich
 42146 | Zot:5    | Killed a dread lich
 42151 | Zot:5    | Noticed a curse toe
 42157 | Zot:5    | Killed a curse toe
 42206 | Zot:5    | Got the Orb of Zot
 42668 | D:9      | Noticed Kistreuc the pandemonium lord
 42808 | D:1      | Noticed Izxuscha the pandemonium lord
 42846 | D:1      | Killed Izxuscha the pandemonium lord
 42915 | D:1      | Noticed Ozay the pandemonium lord
 42920 | D:1      | Killed Ozay the pandemonium lord
 42974 | D:1      | Noticed Rauster the pandemonium lord
 42978 | D:1      | Killed Rauster the pandemonium lord
 42982 | D:$      | Escaped with the Orb!

Illustrated notes

Levels and vault maps discovered:
D:1:      dpeg_arrival_round_b, layout_basic
D:2:      layout_basic, shapermc_ecumenical_altar_mp_vishouse
D:3:      layout_basic, solitary_fountain, uniq_terence
D:4:      layout_gridville, mainiacjoe_overflow_catch_the_wave,
          minmay_misc_feat_doors
D:5:      layout_cave_pools, st_stairs_13, nrook_mini_vaults,
          nicolae_elemental_shop, nicolae_shop_gadgets, uniq_pikel
D:6:      layout_cave_pods, kennysheep_little_box, temple_pool_b
D:7:      hellmonk_destroyed_diamonds, layout_gridville,
          fedhas_altar_fruit_tree, nicolae_elyvilon_temple_path,
          lemuel_tele_altar, mainiacjoe_overflow_tiny_flanked, uniq_joseph,
          uniq_menkaure
D:8:      layout_loops_ring, erik_lair_dragon, enter_ossuary_2,
          lemuel_flamethrower_2, uniq_prince_ribbit1, uniq_erica
D:9:      layout_basic, mainiacjoe_overflow_chevrons,
          mainiacjoe_overflow_large_starburst, david_orc_5, uniq_amaemon
D:10:     layout_basic, minmay_misc_feat_plants, kennysheep_generic_room_5
D:11:     layout_irregular_city, gammafunk_ghost_necromancy,
          grunt_decor_mini_mirrors, dk_noncrumbling_2, hangedman_decor_opposing
D:12:     layout_long_grid, portal_ice_cave_demonic_guard, dk_vineyard_1,
          uniq_snorg
D:13:     layout_basic, david_vaults_1, serial_shops, shop, uniq_erolcha
D:14:     minmay_heptahexagon, layout_basic, minmay_misc_feat_chi,
          gammafunk_ghost_wrathful_warriors, serial_shops, shop
D:15:     gammafunk_depths_entry_grave, layout_layer_cave,
          minmay_the_grid_square_5x5_3x3_mashed
          [minmay_the_grid_square_5x5_minibox,
          minmay_the_grid_square_5x5_bridge, minmay_the_grid_square_5x5_inner_z,
          minmay_the_grid_square_5x5_inset,
          minmay_the_grid_square_5x5_megaprize_crossed,
          minmay_the_grid_square_5x5_inverted_slash,
          minmay_the_grid_square_5x5_intrusive_squares,
          minmay_the_grid_square_5x5_seven,
          minmay_the_grid_square_5x5_doubleslash], uniq_louise
Lair:1:   layout_regular_city, chequers_serial_rivers_room_b,
          hibernation_bobbens, serial_bayou_shore_b
Lair:2:   layout_cave_pods, nicolae_volcano_entry_vermiform, basic_altar,
          grunt_megastairs_5
Lair:3:   layout_gridlike, palyth_hydra_swamp_entry,
          nicolae_snake_entry_warm_welcome, lemuel_fruit_tree, uniq_fannar
Lair:4:   layout_regular_city, minmay_slime_entry_oklob_enclosed
Lair:5:   wormcave, layout_cave_shapes, hangedman_lair_in_review
Swamp:1:  layout_basic_swamp, nicolae_swamp_little_swirl
Swamp:2:  layout_basic_swamp, evilmike_swamp_ruin_house_4,
          infiniplex_staircase_pool_2
Swamp:3:  layout_falls_marsh, evilmike_swamp_ruin_rubble_2
Swamp:4:  swamp_fiery, layout_basic_swamp, uniq_nikola
Snake:1:  layout_onion, serial_shops, shop, nicolae_snake_slithery_corners,
          grunt_megastairs_3, serial_bayou_shore_a
Snake:2:  layout_onion, serial_shops, shop, nicolae_shop_unique_rings
Snake:3:  layout_basic, minmay_shop_grove
Snake:4:  johnstein_snake_rune_scales, layout_misc_corridors, minmay_shop_star,
          uniq_vashnia
Orc:1:    giant_chief_lemuel, layout_diamond_mine, gammafunk_ghost_smash,
          basic_altar, uniq_sonja
Orc:2:    grunt_orc_cross, layout_diamond_mine, lightli_church_of_beogh
Depths:1: layout_twisted_cross, hangedman_decor_peaks_small, grunt_metal_band,
          nicolae_qazlal_general_emergency
Depths:2: nicolae_legendary_halls, layout_long_grid, ebering_ghost_gozag,
          serial_bayou, serial_bayou_lagoon_a, serial_bayou_lagoon_b,
          serial_bayou_pond_a, serial_bayou_pond_d, pf_hell_entry_tar_river,
          amcnicky_mini_pool_small, serial_shops, nicolae_shop_window_shopping,
          rand_demon_pan_entry_9, minmay_staircase_statues
Depths:3: minmay_nested_s, layout_long_grid, enter_ziggurat_d,
          marbit_kobold_abyss_entry, hangedman_geh_valley
Depths:4: lemuel_castle_with_subvaults [lemuel_castle_interior_carwin_1],
          layout_basic, chequers_serial_rivers_micro_d, hell_entry, kb_rosetta
Zot:1:    gammafunk_the_bubble [the_bubble_gammafunk_plus_minus],
          layout_cathedral_of_symmetry, st_single_dragon_hoard_1
Zot:2:    layout_misc_corridors
Zot:3:    nicolae_moth_party, layout_misc_corridors,
          kennysheep_underground_church
Zot:4:    kennysheep_spiral_hall, layout_onion_interference, ebering_ghost_xom
Zot:5:    layout_basic, st_stairs_4

Skill      XL: |  1  2  3  4  5  6  7  8  9 10 11 12 13 14 15 16 17 18 19 20 21 22 23 |
---------------+----------------------------------------------------------------------+-----
Dodging        | 1 2 3 4 5 7 8 10 11 12 13 15 17 19 | 19.2
Short Blades   | 2 3 4 5 6 8 10 11 13 14 | 14.0
Stealth        | 4 5 6 7 8 10 11 12 14 15 17 18 19 20 | 20.0
Fighting       | 3 4 5 6 8 9 11 12 13 14 15 16 20 | 20.9
Spellcasting   | 3 5 |  5.0
Transmutations | 3 5 |  5.0
Shields        | 3 4 |  4.0
Invocations    | 9 18 21 | 21.0
Armour         | 7 14 18 | 18.7
Throwing       | |  1.7

Action                     |  1- 3 |  4- 6 |  7- 9 | 10-12 | 13-15 | 16-18 | 19-21 | 22-24 || total
---------------------------+-------+-------+-------+-------+-------+-------+-------+-------++-------
  Melee: Dagger            |   131 |   181 |   447 |  1185 |  2168 |   432 |       |       ||  4544
         Punch             |     2 |     2 |     6 |    23 |     6 |       |       |       ||    39
         Kick              |       |    58 |   148 |   467 |   261 |   326 |   873 |   480 ||  2613
         Rapier            |       |       |       |       |   298 |  1043 |  1853 |   854 ||  4048
  Throw: Dart              |    18 |    11 |    12 |    37 |    10 |     5 |     4 |       ||    97
         Throwing net      |       |     1 |     1 |       |       |       |       |       ||     2
   Cast: Wereblood         |       |       |       |     2 |    33 |    53 |    38 |    13 ||   139
 Invoke: Serpent's Lash    |       |       |       |     3 |    21 |    16 |    20 |    11 ||    71
         Heavenly Storm    |       |       |       |       |     1 |     3 |     1 |     4 ||     9
Ability: Lunge             |       |     7 |    16 |    73 |    31 |   163 |   137 |    62 ||   489
         Whirlwind         |       |       |    55 |   152 |   534 |   486 |   587 |   264 ||  2078
         Wall Jump         |       |       |       |       |     1 |       |     1 |       ||     2
  Evoke: Wand              |       |       |       |    12 |    11 |       |     2 |     3 ||    28
    Use: Scroll            |     8 |     5 |     7 |    12 |     8 |     5 |     6 |     9 ||    60
         Potion            |       |     3 |     4 |     2 |    14 |     5 |     6 |    14 ||    48
   Stab: Sleeping          |     5 |     6 |       |    16 |    16 |    67 |    22 |     4 ||   136
         Distracted        |     1 |       |       |     3 |     1 |     9 |    12 |     5 ||    31
         Held in net/web   |       |       |     1 |       |       |       |       |       ||     1
         Invisible         |       |       |     7 |     1 |    20 |     5 |       |    12 ||    45
         Paralysed         |       |       |       |       |     2 |       |       |       ||     2
 Armour: Robe              |    16 |       |       |       |       |       |       |       ||    16
         Leather armour    |    10 |    47 |       |       |       |       |       |       ||    57
         Scale mail        |       |    16 |   122 |    47 |       |       |       |       ||   185
         Troll leather arm |       |       |       |    29 |   240 |   127 |   202 |   118 ||   716
  Dodge: Dodged            |    68 |    97 |   144 |   317 |  1021 |   673 |   963 |   493 ||  3776
  Block: Buckler           |       |       |       |       |   266 |   250 |   316 |   159 ||   991

Table legend: (Time is in decaauts)
 A = Elapsed time spent in this place.
 B = Non-inter-level travel time spent in this place.
 C = Inter-level travel time spent in this place.
 D = Time resting spent in this place.
 E = Time spent auto-exploring this place.
 F = Levels seen in this place.
 G = Mean time per level.
                   A        B        C        D        E       F      G
               +--------+--------+--------+--------+--------+-----+--------+
         Total |  41192 |  37946 |   3246 |   5234 |  21248 |  45 |  915.4 |
       Dungeon |  17842 |  16130 |   1712 |   2557 |   9899 |  15 | 1189.5 |
          Lair |   5791 |   5171 |    620 |    553 |   3069 |   5 | 1158.2 |
         Swamp |   2101 |   1932 |    169 |      0 |   1365 |   4 |  525.2 |
     Snake Pit |   3181 |   2986 |    195 |      0 |   2113 |   4 |  795.2 |
  Orcish Mines |   1904 |   1701 |    203 |     19 |   1052 |   2 |  952.0 |
        Depths |   4863 |   4630 |    233 |    564 |   2535 |   4 | 1215.8 |
           Zot |   4088 |   3977 |    111 |   1427 |    775 |   5 |  817.6 |
         Abyss |    619 |    619 |      0 |      4 |    328 |   3 |  206.3 |
       Ossuary |    110 |    110 |      0 |      0 |      0 |   1 |  110.0 |
      Ice Cave |    465 |    465 |      0 |     84 |     73 |   1 |  465.0 |
       Volcano |    223 |    223 |      0 |     25 |     37 |   1 |  223.0 |
               +--------+--------+--------+--------+--------+-----+--------+

Top non-repeatable levels by time:
   Zot:1: 2626 daAuts
Depths:4: 1953 daAuts
     D:6: 1819 daAuts
    D:14: 1683 daAuts
  Lair:5: 1682 daAuts
     D:8: 1669 daAuts
    D:15: 1417 daAuts
Depths:2: 1370 daAuts
     D:9: 1369 daAuts
     D:4: 1302 daAuts
  Lair:2: 1265 daAuts
    D:12: 1206 daAuts
  Lair:3: 1140 daAuts
 Snake:1: 1122 daAuts
   Orc:1: 1093 daAuts
